 Dungeon Crawl Stone Soup version 0.27.1-2-g3b301248ec (webtiles) character file.

Game seed: 6328418802153991866

42 Crownlay the Chiller (level 3, -3/25 HPs)
             Began as a Gnoll Ice Elementalist on Sept 23, 2021.
             Slain by Sigmund (5 damage)
             ... on level 2 of the Dungeon.
             The game lasted 00:02:49 (2005 turns).

Crownlay the Chiller (Gnoll Ice Elementalist)       Turns: 2005, Time: 00:02:50

Health: -3/25      AC: 10    Str:  7    XL:     3   Next: 56%
Magic:  0/9        EV: 13    Int: 15    God:
Gold:   56         SH:  0    Dex: 12    Spells: 5/12 levels left

rFire    . . .     SeeInvis .   b - +0 short sword
rCold    . . .     Faith    .   (no shield)
rNeg     . . .     Spirit   .   a - +0 robe
rPois    .         Reflect  .   (no helmet)
rElec    .         Harm     .   (no cloak)
rCorr    .         Rampage  .   (no gloves)
Will     .....                  f - +0 pair of boots
Stlth    ++........             (no amulet)
HPRegen  0.08/turn              (no ring)
MPRegen  0.11/turn              (no ring)

@: ice-armoured, freezing walls
A: fangs 1, strong nose, distributed training
a: no special abilities


You were on level 2 of the Dungeon.
You visited 1 branch of the dungeon, and saw 2 of its levels.

You collected 56 gold pieces.

Inventory:

Hand Weapons
 b - a +0 short sword (weapon)
Armour
 a - a +0 robe (worn)
 f - a +0 pair of boots (worn)
Wands
 i - a wand of digging (5)
Scrolls
 c - 2 scrolls of blinking {unknown}
 d - a scroll of enchant armour {unknown}
 g - a scroll of amnesia {unknown}
 h - a scroll of enchant weapon {unknown}
 k - a scroll of identify {unknown}
Potions
 e - a potion of ambrosia {unknown}
 j - a potion of magic {unknown}


   Skills:
 + Level 0.8 Fighting
 + Level 0.8 Short Blades
 + Level 0.8 Long Blades
 + Level 0.8 Axes
 + Level 0.8 Maces & Flails
 + Level 0.8 Polearms
 + Level 0.8 Staves
 + Level 0.8 Slings
 + Level 0.8 Bows
 + Level 0.8 Crossbows
 + Level 0.8 Throwing
 + Level 0.8 Armour
 + Level 4.5 Dodging
 + Level 4.1 Stealth
 + Level 0.8 Shields
 + Level 0.8 Unarmed Combat
 + Level 5.0 Spellcasting
 + Level 0.5 Conjurations
 + Level 0.5 Hexes
 + Level 0.5 Summonings
 + Level 0.5 Necromancy
 + Level 0.5 Translocations
 + Level 0.5 Transmutations
 + Level 0.5 Fire Magic
 + Level 7.1 Ice Magic
 + Level 0.5 Air Magic
 + Level 0.5 Earth Magic
 + Level 0.5 Poison Magic
 + Level 1.0 Invocations
 + Level 0.8 Evocations


You had 5 spell levels left.
You knew the following spells:

 Your Spells              Type           Power      Damage    Failure   Level
a - Freeze                Ice            100%       1d11      1%          1
b - Frozen Ramparts       Ice            50%        1d7       2%          3
c - Ozocubu's Armour      Ice            25%        N/A       2%          3

Your spell library contained the following spells:

 Spells                   Type           Power      Damage    Failure   Level
 Hailstorm                Conj/Ice       15%        3d5       32%         4


Dungeon Overview and Level Annotations

Branches:
Dungeon (2/15)

Altars:

Annotations:
D:2 Sigmund


Innate Abilities, Weirdness & Mutations

You have very sharp teeth.
Your uncanny sense of smell can sniff out nearby items.
Your experience applies equally to all skills.


Message History

Casting: Freeze (safe; 1% risk of failure)
Confirm with . or Enter, or press ? or * to list all spells.
You don't know that spell.
You hit Sigmund but do no damage.
Sigmund is heavily wounded.
Sigmund casts a spell at you. The magic dart hits you.
You hit Sigmund. Your bite misses Sigmund.
Sigmund is heavily wounded.
Sigmund gestures at you while chanting.
You are confused.
Your icy armour will break if you move.
Continue?
Okay, then.
Unknown command.
Sigmund says, "Don't worry, I'll kill you fast."
Sigmund points at you and mumbles some strange words.
You resist with significant effort. Sigmund closely misses you.
Sigmund closely misses you.
You feel less confused. Sigmund hits you with a +0 scythe.
* * * LOW HITPOINT WARNING * * *
Sigmund completely misses you.
Casting: Freeze (safe; 1% risk of failure)
Confirm with . or Enter, or press ? or * to list all spells.
Casting: Frozen Ramparts (dangerous; 2% risk of failure)
Press: ? - help, Dir - look around, f - activate The walls around you are covered in ice.
Sigmund resists.
The wall freezes Sigmund.
Sigmund barely misses you.
You closely miss Sigmund. You bite Sigmund, but do no damage.
Sigmund is severely wounded.
Sigmund resists.
The wall freezes Sigmund.
Sigmund casts a spell at you. The puff of flame hits you.
* * * LOW HITPOINT WARNING * * *
The heat melts your icy armour.
You hit Sigmund.
Sigmund is severely wounded.
Sigmund resists.
The wall freezes Sigmund.
Sigmund hits you with a +0 scythe.
You die...

######### #.......##
#.#####..##########
#.# ##..........##
#.# ##########..###
#.# #####...# #.#
#.<@@.#.#### ######
#.#
#..###.#....###......
#.# #.#
#.####.†#.....[. ..#
#. ... ##!........
### .
.......#.†...... # ..
................. #
#. .................
#. ..................
................


You could see Sigmund.

Vanquished Creatures
  An adder (D:2)
  A worm (D:2)
  4 ball pythons (D:2)
  3 endoplasms
  A giant cockroach (D:2)
  2 goblins
  4 hobgoblins (D:2)
  2 jackals (D:1)
  3 kobolds (D:2)
  A quokka (D:1)
  3 bats (D:2)
  3 rats
28 creatures vanquished.

Notes
Turn   | Place    | Note
-------+----------+-------------------------------------------
     0 | D:1      | Crownlay the Gnoll Ice Elementalist began the quest for the
                  | Orb.
     0 | D:1      | Reached XP level 1. HP: 13/13 MP: 6/6
   129 | D:1      | Found a faded altar of an unknown god.
   589 | D:1      | Reached XP level 2. HP: 15/19 MP: 7/7
   974 | D:2      | Reached XP level 3. HP: 13/25 MP: 2/9
   982 | D:2      | Reached skill level 5 in Spellcasting
  1220 | D:2      | Learned a level 3 spell: Frozen Ramparts
  1237 | D:2      | Learned a level 3 spell: Ozocubu's Armour
  1616 | D:2      | Reached skill level 1 in Invocations
  1619 | D:2      | Noticed Sigmund
  2004 | D:2      | HP: 1/25 [Sigmund/puff of flame (5)]
  2005 | D:2      | Slain by Sigmund

Illustrated notes

Levels and vault maps discovered:
D:1:      doesnt_arrival_eight_statues, layout_loops_corners,
          ebering_ecumenical_altar_rust, nrook_uturn, chequers_garden,
          minivault_14
D:2:      layout_rooms, uniq_sigmund

Skill      XL: |  1  2  3 |
---------------+----------+-----
Spellcasting   | 5 |  5.0
Invocations    | 1 |  1.0
Fighting       | |  0.8
Short Blades   | |  0.8
Long Blades    | |  0.8
Axes           | |  0.8
Maces & Flails | |  0.8
Polearms       | |  0.8
Staves         | |  0.8
Slings         | |  0.8
Bows           | |  0.8
Crossbows      | |  0.8
Throwing       | |  0.8
Armour         | |  0.8
Dodging        | |  4.5
Stealth        | |  4.1
Shields        | |  0.8
Unarmed Combat | |  0.8
Conjurations   | |  0.5
Hexes          | |  0.5
Summonings     | |  0.5
Necromancy     | |  0.5
Translocations | |  0.5
Transmutations | |  0.5
Fire Magic     | |  0.5
Ice Magic      | |  7.1
Air Magic      | |  0.5
Earth Magic    | |  0.5
Poison Magic   | |  0.5
Evocations     | |  0.8

Action                   || total
-------------------------++-------
Melee: Short sword       ||    37
       Bite              ||     3
 Cast: Freeze            ||    21
       Frozen Ramparts   ||     6
       Ozocubu's Armour  ||     3
 Stab: Sleeping          ||     3
Armor: Robe              ||    30
Dodge: Dodged            ||    82
